 Dungeon Crawl Stone Soup version 0.17.0-27-g4a3f43e (webtiles) character file.

163 Glider the Insei (level 5, 0/33 HPs)
             Began as an Octopode Transmuter on Nov 21, 2015.
             Killed from afar by an orc wizard (7 damage)
             ... with a puff of flame
             ... on level 4 of the Dungeon.
             The game lasted 00:08:59 (3139 turns).

Glider the Insei (Octopode Transmuter)              Turns: 3139, Time: 00:08:59

Health: 0/33       AC:  1    Str:  9    XL:     5   Next: 44%
Magic:  8/8        EV: 12    Int: 15    God:
Gold:   77         SH:  0    Dex: 14    Spells: 3 memorised, 2 levels left

rFire  . . .     SeeInvis .       - Unarmed
rCold  . . .     Clarity  .     (no shield)
rNeg   . . .     SustAt   .     (helmet restricted)
rPois  .         Gourm    .     (no amulet)
rElec  .         Spirit   .     (no ring)
rCorr  .         Warding  .     (no ring)
rMut   .         Stasis   .     (no ring)
MR     .....                    (no ring)
Stlth  ++........               (no ring)
                                (no ring)
                                (no ring)
                                (no ring)

@: not resistant to hostile enchantments, unstealthy
A: almost no armour, amphibious, 8 rings, constrict 8, camouflage 1, gelatinous
body 1
a: no special abilities


You were on level 4 of the Dungeon.
You were not hungry.

You visited 1 branch of the dungeon, and saw 4 of its levels.

You collected 77 gold pieces.

Inventory:

Missiles
 a - 37 arrows
Armour
 y - a +0 shield
Jewellery
 u - an uncursed ring of protection from cold {unknown}
Wands
 x - a wand of frost (16)
Scrolls
 e - 3 scrolls of enchant armour {unknown}
 f - 8 scrolls of identify {unknown}
 k - 2 scrolls of teleportation {unknown}
 m - a scroll of random uselessness {unknown}
 n - a scroll of fear {unknown}
 o - a scroll of enchant weapon {unknown}
 t - a scroll of blinking {unknown}
 w - a scroll of magic mapping {unknown}
 z - a scroll of fog {unknown}
 B - a scroll of remove curse {unknown}
Potions
 d - 3 potions of flight {unknown}
 g - a potion of degeneration {unknown}
 i - 2 potions of haste {unknown}
 j - a potion of heal wounds {unknown}
 q - 2 potions of invisibility {unknown}
 r - a potion of cancellation {unknown}
 v - a potion of lignification {unknown}
 A - a potion of might {unknown}
Books
 b - a book of Changes

   Spells                             Type                      Level
   a - Beastly Appendage              Transmutation                1
   b - Sticks to Snakes               Transmutation                2
   c - Spider Form                    Transmutation/Poison         3
   d - Ice Form                       Ice/Transmutation            4
   e - Blade Hands                    Transmutation                5
Comestibles
 c - 2 bread rations
 h - a chunk of flesh
 l - a meat ration
 p - 2 beef jerkies
 s - 4 fruits


   Skills:
 - Level 1.0 Fighting
 - Level 2.0 Dodging
 + Level 4.3 Unarmed Combat
 - Level 2.0 Spellcasting
 * Level 3.4 Transmutations
 - Level 3.1 Poison Magic


You had 2 spell levels left.
You knew the following spells:

 Your Spells              Type           Power        Failure   Level  Hunger
a - Beastly Appendage     Trmt           ##....       8%          1    #......
b - Sticks to Snakes      Trmt           ##........   12%         2    ###....
c - Spider Form           Trmt/Pois      ##........   21%         3    ###....


Dungeon Overview and Level Annotations

Branches:
Dungeon (4/15)
 Temple: D:4-7

Altars:
Cheibriados
Fedhas
Qazlal
Vehumet
Xom
Yredelemnul


Innate Abilities, Weirdness & Mutations

You cannot wear most types of armour.
You are amphibious.
You can wear up to eight rings at the same time.
You can use your tentacles to constrict eight enemies at once.
Your skin changes colour to match your surroundings (Stealth).
Your rubbery body absorbs attacks (AC +1).


Message History

The orc wizard casts a cantrip, but nothing happens.
You tentacle-slap the orc wizard but do no damage.
The orc wizard is moderately wounded.
You constrict the orc wizard. The orc closely misses you.
The orc wizard misses you. The orc hits you with a falchion.
You tentacle-slap the orc wizard.
The orc wizard is severely wounded.
You constrict the orc wizard. The orc wizard hits you with a dagger.
The orc barely misses you.
You tentacle-slap the orc wizard but do no damage.
The orc wizard is almost dead.
You constrict the orc wizard, but do no damage.
The orc wizard closely misses you. The orc closely misses you.
The orc wizard miscasts a cantrip.
The orc hits you with a morningstar!
* * * LOW HITPOINT WARNING * * *
You release your grip on the orc wizard.
The orc wizard casts a spell at you. The puff of flame hits you!
You die...

#...# #..$## #....####.
#........# #..%....#
##......# #####
###.......#
##...#######.........#
................@....###
............#####)o....#
.<.....####.# #oo?...#
######## #.# ..###..#
#.# ##.. ..# #.# ... ..
#.. ._.. ##. ...# ...##


You could see an orc wizard and 2 orcs.

Vanquished Creatures
  A centaur skeleton (D:4)
  5 adders
  2 worms (D:2)
  5 giant geckos
  5 orcs
  A ball python (D:1)
  4 giant cockroaches
  10 hobgoblins
  6 jackals
  7 kobolds
  A quokka (D:2)
  11 bats
  3 giant newts
  6 goblins
  7 rats
74 creatures vanquished.

Notes
Turn   | Place    | Note
--------------------------------------------------------------
     0 | D:1      | Glider the Octopode Transmuter began the quest for the Orb.
     0 | D:1      | Reached XP level 1. HP: 13/13 MP: 3/3
   312 | D:1      | Reached XP level 2. HP: 12/18 MP: 3/5
   809 | D:1      | Reached skill level 4 in Unarmed Combat
  1019 | D:1      | Reached XP level 3. HP: 23/23 MP: 6/6
  1335 | D:2      | Found a snail-covered altar of Cheibriados.
  1458 | D:2      | Learned a level 2 spell: Sticks to Snakes
  1462 | D:2      | Learned a level 3 spell: Spider Form
  1501 | D:2      | Reached skill level 1 in Poison Magic
  1595 | D:2      | Reached XP level 4. HP: 23/28 MP: 7/7
  1667 | D:2      | Found a basalt altar of Yredelemnul.
  2538 | D:3      | Found a stormy altar of Qazlal.
  2545 | D:3      | Reached XP level 5. HP: 33/33 MP: 8/8
  2558 | D:3      | Noticed an air elemental
  2561 | D:3      | Noticed an earth elemental
  2561 | D:3      | Noticed a fire elemental
  2561 | D:3      | Noticed a water elemental
  2766 | D:3      | Found a blossoming altar of Fedhas.
  2881 | D:3      | Found a shimmering altar of Xom.
  3128 | D:4      | Found a radiant altar of Vehumet.
  3139 | D:4      | Killed from afar by an orc wizard

Action                   |  1- 3 |  4- 6 || total
-------------------------+-------+-------++-------
Melee: Unarmed           |    89 |   107 ||   196
 Cast: Beastly Appendage |     1 |       ||     1
 Stab: Sleeping          |     9 |     5 ||    14
  Eat: Chunk             |     2 |     5 ||     7
